 Dungeon Crawl Stone Soup version 0.32-a0-814-g0968bab981 (webtiles) character file.

Game seed: 5704488486220025496

861 cforsyth the Firebug (level 7, -9/61 HPs)
             Began as a Mountain Dwarf Cinder Acolyte on Mar 22, 2024.
             Was a High Priest of Ignis.
             Mangled by a shadow (23 damage)
             ... on level 5 of the Dungeon.
             The game lasted 00:09:42 (6645 turns).

cforsyth the Firebug (MDCA)                         Turns: 6645, Time: 00:09:42

Health: -9/61      AC:  8    Str: 19    XL:     7   Next: 71%
Magic:  0/11       EV: 13    Int: 14    God:    Ignis [*****.]
Gold:   134        SH:  0    Dex:  5    Spells: 10/12 levels left

rFire   + . .        a - -1 hand axe (flame)
rCold   . . .        (no shield)
rNeg    . . .        t - +0 scale mail
rPois   +            h - +0 helmet
rElec   .            (no cloak)
rCorr   .            (no gloves)
SInv    .            (no boots)
Will    +....        (no amulet) Stlth
                     n - ring of the Six Wars {rPois Will+ Stlth+}
HPRegen 0.30/turn    E - +5 ring of evasion
MPRegen 0.12/turn

%: no passive effects
@: very slightly contaminated
A: runic magic, artefact enchanting
a: Renounce Religion, Fiery Armour, Foxfire Swarm, Rising Flame


You were on level 5 of the Dungeon.
You worshipped Ignis.
Ignis was extremely pleased with you.
You visited 1 branch of the dungeon, and saw 5 of its levels.

You collected 134 gold pieces.


Innate Abilities, Weirdness & Mutations

Your spellcasting is much less encumbered by armour.
You can use scrolls of enchantment on lesser artefacts.


   Skills:
 + Level 5.2 Fighting
 + Level 5.7 Axes
 + Level 4.1 Armour
 + Level 2.0 Shields
 + Level 3.1 Spellcasting
 + Level 5.8 Fire Magic


You had 10 spell levels left.
You knew the following spells:

 Your Spells              Type           Power      Damage    Failure   Level
X - Scorch                Fire           36%        2d6       3%          2

Your spell library contained the following spells:

 Spells                   Type           Power      Damage    Failure   Level


Inventory:

Hand Weapons
 a - a -1 hand axe of flaming (weapon)
 x - a +0 war axe
Armour
 b - a +0 robe
 h - a +0 helmet (worn)
 t - a +0 scale mail (worn)
Magical Staves
 u - a staff of fire {!a}
 v - a staff of earth {!a}
 w - a staff of death {!a}
Jewellery
 n - the ring of the Six Wars (left hand) {rPois Will+ Stlth+}
   (You found it on level 3 of the Dungeon)

   [ring of willpower]

   rPois:     It protects you from poison.
   Will+:     It increases your willpower.
   Stlth+:    It makes you more stealthy.
 C - a ring of protection from cold
 D - a +6 ring of dexterity
 E - a +5 ring of evasion (right hand)
 F - a ring of fire
 I - a +6 ring of intelligence
 R - a ring of resist corrosion
Wands
 s - a wand of flame (1)
 y - a wand of paralysis (4)
Scrolls
 c - a scroll of poison {unknown}
 e - a scroll of noise {unknown}
 f - a scroll of teleportation {unknown}
 g - a scroll of enchant weapon {unknown}
 j - 2 scrolls of vulnerability {unknown}
 m - 5 scrolls of identify {unknown}
 p - a scroll of fog {unknown}
 q - a scroll of fear {unknown}
 z - a scroll of enchant armour {unknown}
Potions
 d - a potion of brilliance {unknown}
 i - 2 potions of curing {unknown}
 k - 2 potions of invisibility {unknown}
 l - a potion of degeneration {unknown}
 o - a potion of berserk rage {unknown}
 r - 2 potions of heal wounds {unknown}

Dungeon Overview and Level Annotations

Branches:
Dungeon (5/15)             Temple (0/1) D:5

Altars:
Makhleb
Uskayaw

Annotations:
D:2 1 runed translucent door, Crazy Yiuf

..
.......+...#.^.....
#........#...#.......
#......>.#...#.....#'
#........#...#..W..#.
#........#...#.....'.
#........#...+.....#
#........#...#.....#
#........# .....#
#..{@...[#####.....#
#..................#
#..................#
#..................#
#....####..........#
#....# #######'####
#....# ... #....#
...# #.... ...#


There were no monsters in sight!


Message History

Unknown command.
Aiming: Throw Flame
Press: ? - help, Shift-Dir - straight line, f - shadow
Aim: a shadow (severely damaged, more vulnerable to fire, 68% to hit)
The puff of flame hits the shadow.
The shadow is severely damaged.
The shadow slips into darkness.
The shadow flickers and vanishes!
Deactivating autopickup; reactivate with Ctrl-A.
Aiming: Throw Flame
Press: ? - help, Shift-Dir - straight line The puff of flame hits something.
The shadow strikes at you from the darkness!
* * * LOW HITPOINT WARNING * * *
Reactivating autopickup.
Unknown command.
Aiming: Throw Flame
Press: ? - help, Shift-Dir - straight line The puff of flame hits the shadow.
The shadow is burned terribly!
The shadow is almost destroyed.
The shadow slips into darkness.
The shadow flickers and vanishes!
Deactivating autopickup; reactivate with Ctrl-A.
Unknown command.
Casting: Scorch (safe; 3% risk of failure)
Confirm with . or Enter, or press ? or * to list all spells.
Flames lash something but do no damage.
The shadow strikes at you from the darkness!
You die...
Ignis goes out, and joins you in death.

Skill      XL: |  1  2  3  4  5  6  7 |
---------------+----------------------+-----
Armour         | 1 2 3 4 |  4.1
Fire Magic     | 4 5 |  5.8
Axes           | 4 5 |  5.7
Fighting       | 4 5 |  5.2
Spellcasting   | 2 3 |  3.1
Shields        | 2 |  2.0

Action                     |  1- 3 |  4- 6 |  7- 9 || total
---------------------------+-------+-------+-------++-------
  Melee: Hand axe          |   103 |    10 |    25 ||   138
   Cast: Scorch            |    26 |    57 |    46 ||   129
  Evoke: Wand              |       |       |     5 ||     5
 Armour: Robe              |    83 |     5 |       ||    88
         Scale mail        |       |    16 |    68 ||    84
  Dodge: Dodged            |    62 |    17 |    69 ||   148

Levels and vault maps discovered:
D:1:      spicycebolla_arrival_clurvy, layout_loops_corners
D:2:      layout_loops_cross, hex_large, uniq_terence, uniq_crazy_yiuf_cottage
D:3:      layout_basic, uniq_natasha
D:4:      cheibrodos_helix_gallery, layout_cave_pods
D:5:      layout_gridville, eat_drink_and_be_merry_uskayaw, bloody_makhleb,
          minmay_temple_entry_junction, ebering_ghost_rock_garden,
          minmay_divided_ellipse

Notes
Turn   | Place    | Note
-------+----------+-------------------------------------------
     0 | D:1      | cforsyth the Mountain Dwarf Cinder Acolyte began the quest
                  | for the Orb.
     0 | D:1      | Reached XP level 1. HP: 19/19 MP: 2/2
   174 | D:1      | Reached XP level 2. HP: 26/26 MP: 3/3
   177 | D:1      | Learned a level 2 spell: Scorch
   599 | D:1      | Reached skill level 1 in Armour
   614 | D:1      | Reached skill level 4 in Fire Magic
   616 | D:1      | Reached XP level 3. HP: 14/31 MP: 3/5
  1080 | D:2      | Reached skill level 4 in Axes
  1869 | D:2      | Noticed Terence
  1979 | D:3      | Identified the ring of the Six Wars {rPois Will+ Stlth+}
  2155 | D:3      | Noticed Natasha
  2160 | D:3      | Killed Natasha
  2161 | D:3      | Reached XP level 4. HP: 40/40 MP: 1/6
  2358 | D:3      | Noticed Natasha
  2371 | D:3      | Killed Natasha
  2372 | D:3      | Reached skill level 4 in Fighting
  2372 | D:3      | Reached skill level 2 in Armour
  2464 | D:3      | Noticed Natasha
  2728 | D:3      | Killed Natasha
  2729 | D:3      | Reached skill level 2 in Spellcasting
  2729 | D:3      | Reached XP level 5. HP: 46/46 MP: 2/8
  3443 | D:2      | Killed Terence
  3659 | D:2      | Found a runed translucent door.
  3660 | D:2      | Noticed Crazy Yiuf
  4171 | D:4      | Noticed a black bear
  4290 | D:3      | Killed a black bear
  4291 | D:3      | Reached skill level 3 in Armour
  4291 | D:3      | Reached skill level 5 in Fire Magic
  4291 | D:3      | Reached XP level 6. HP: 53/53 MP: 2/9
  4574 | D:4      | Reached skill level 5 in Axes
  5248 | D:5      | Entered Level 5 of the Dungeon
  5271 | D:5      | Found a hide-covered altar of Uskayaw.
  5287 | D:5      | Reached XP level 7. HP: 60/60 MP: 5/11
  5371 | D:5      | Reached skill level 1 in Shields
  5389 | D:5      | Reached skill level 5 in Fighting
  5934 | D:5      | Found a staircase to the Ecumenical Temple.
  5982 | D:5      | Found a burning altar of Makhleb.
  6000 | D:5      | Reached skill level 4 in Armour
  6000 | D:5      | Reached skill level 3 in Spellcasting
  6191 | D:5      | Reached skill level 2 in Shields
  6257 | D:5      | Noticed a shadow
  6257 | D:5      | Noticed a two-headed ogre
  6645 | D:5      | Mangled by a shadow

Vanquished Creatures
  2 black bears
  A centaur (D:5)
  2 scorpions
  A bombardier beetle (D:4)
  2 hounds
  3 sleepcaps
  Terence (D:2)
  Natasha (thrice) (D:3)
  3 iguanas (D:5)
  3 adders
  A white imp (D:5)
  2 ufetubi (D:5)
  3 dart slugs
  2 ribbon worms
  9 orcs
  8 bats
  7 endoplasms
  2 giant cockroaches
  6 goblins
  9 hobgoblins
  4 jackals (D:1)
  8 kobolds
  5 quokkas
  10 ball pythons
  2 frilled lizards (D:1)
  7 rats
106 creatures vanquished.

Table legend: (Time is in decaauts)
 A = Elapsed time spent in this place.
 B = Non-inter-level travel time spent in this place.
 C = Inter-level travel time spent in this place.
 D = Time resting spent in this place.
 E = Time spent auto-exploring this place.
 F = Levels seen in this place.
 G = Mean time per level.
                   A        B        C        D        E       F      G
               +--------+--------+--------+--------+--------+-----+--------+
         Total |   6660 |   6344 |    316 |    597 |   4730 |   5 | 1332.0 |
       Dungeon |   6660 |   6344 |    316 |    597 |   4730 |   5 | 1332.0 |
               +--------+--------+--------+--------+--------+-----+--------+

Top non-repeatable levels by time:
     D:4: 1839 daAuts
     D:3: 1289 daAuts
     D:2: 1270 daAuts
     D:1: 1218 daAuts
     D:5: 1042 daAuts

Table legend:
 A = Non-vault XP
 B = Vault XP
 C = Vault XP percentage of total XP
 D = Non-vault monster count
 E = Vault monster count
 F = Vault count percentage of total count
                 A         B        C        D         E       F
            +---------+---------+-------+---------+---------+-------
      Total |     978 |     252 |  20.5 |      99 |       7 |   6.6
            +---------+---------+-------+---------+---------+-------
        D:1 |      42 |       0 |   0.0 |      25 |       0 |   0.0
        D:2 |      45 |      36 |  44.4 |      21 |       1 |   4.5
        D:3 |     108 |     159 |  59.6 |      17 |       2 |  10.5
        D:4 |     262 |      16 |   5.8 |      18 |       2 |  10.0
        D:5 |     521 |      41 |   7.3 |      18 |       2 |  10.0
            +---------+---------+-------+---------+---------+-------
